Unix NetHack Version 5.0.0-0 post-release - last build Jun 10 2026 00:39:30 (3ee93aec679c4c4259841fe613dc97188e26a321,branch:main).

Game began 2026-06-15 19:17:23, ended 2026-06-15 19:57:14.

CyberFan, chaotic male orcish Rogue

           --------------------------------#            --------
           |..............................|#            |......|
           |...-----  ----.-----+------...|#            |......|
           |...|/(*|     -.-      |(((|...|#            |......|
           |...|"=%|     |.|      |(((|...|#            -.------
           |...|...   ----.--------...|...|#            ##
           |...-|---+--...........---|-...|#           # #
           |...........................(.%(######        #
           -...........{.----|--.{........|#    #        #
           |.............|.....|..........|[    #####   ##
           |....-|---....|.....|..--|--...|#       #    #
           |.---|...-|--.|.._..|-|-.(.|...|#       #    #
           |.   |(((|..|.|.....|..|+++|...|=       #   -|---------
           |.   |(((|..|.-------..|+++|...|#       #   |.........|
           |.-----------.      --.-----...|######)##)))-.........|
           |............................`.|           #|)........|
           --------------------------------           #-..<......|
                                                       |.........|
                                                       -----------

CyberFan the Rogue      St:17 Dx:18 Co:14 In:12 Wi:11 Ch:7  Chaotic
Dlvl:8  $:87 HP:0(54) Pw:30(30) AC:-4 Xp:8/1948 T:5716 

Latest messages:
 You sense the presence of monsters.
 (For instructions type a '?')
 #
 What do you want to dip? [a-km-zA-XZ or ?*]
 What do you want to dip a unicorn horn into? [diknsvEG or ?*]
 Interesting...
 What do you want to drink? [diknsvEG or ?*]
 You feel self-knowledgeable...
 The feeling subsides.
 Your movements are now unencumbered.
 What do you want to drop? [$a-km-rt-zA-Z or ?*]
 A gray stone lands on the altar.
 Q - an uncursed gray stone.
 #
 #
 What do you want to call? [a-cgijmo-quw-zABDF-JMP-RU-XZ or ?*]
 What do you want to drop? [$a-km-rt-zA-Z or ?*]
 A +2 hooded cloak lands on the altar.
 What do you want to drop? [$a-km-rt-zA-HJ-Z or ?*]
 A +0 mummy wrapping lands on the altar.
 I - an uncursed +2 hooded cloak.
 L - an uncursed +0 mummy wrapping.
 You hear some noises in the distance.
 You hit the iguana.
 The iguana bites!
 You hit the iguana.
 You hit the iguana.
 The iguana bites!
 You miss the iguana.
 The iguana misses!
 You hit the iguana.
 The iguana misses!
 You hear someone beseeching Issek.
 You kill the iguana!
 You see here a candle.
 In what direction?
 You throw 3 daggers named ammo.
 The 1st dagger named ammo hits the chickatrice!
 The 2nd dagger named ammo hits the chickatrice!
 The 3rd dagger named ammo hits the chickatrice.
 In what direction?
 You throw 2 daggers named ammo.
 The 1st dagger named ammo hits the chickatrice.
 The 2nd dagger named ammo hits the chickatrice.
 In what direction?
 You kill the chickatrice!
 C - 6 uncursed daggers named ammo (at the ready) (11 in total).
 You see here a chickatrice corpse.
 Touching a chickatrice corpse is a fatal mistake.
 You turn to stone...

Inventory:
 Coins    ('$')
  $ - 87 gold pieces
 Weapons  (')')
  C - 11 uncursed +0 daggers named ammo (at the ready)
  S - an uncursed +0 elven dagger
  r - a cursed +0 silver saber (weapon in right hand)
 Armor    ('[')
  X - an uncursed +0 dwarvish iron helm (being worn)
  c - an uncursed +0 pair of leather gloves
  H - a cursed +0 pair of iron shoes (being worn)
  u - a cursed +0 elven shield (being worn)
  I - an uncursed +2 dwarvish cloak
  L - an uncursed +0 mummy wrapping
  t - an uncursed +0 robe (being worn)
  Y - an uncursed +0 dwarvish mithril-coat (being worn)
 Comestibles  ('%')
  N - an uncursed food ration
 Scrolls  ('?')
  y - an uncursed scroll of destroy armor
  p - 3 uncursed scrolls of enchant weapon
  Z - an uncursed scroll of identify
  x - an uncursed scroll of magic mapping
  g - an uncursed scroll of teleportation
 Potions  ('!')
  G - a cursed potion of confusion
  n - an uncursed potion of gain energy
  k - 2 uncursed potions of healing
  v - a cursed potion of healing
  d - an uncursed potion of sickness
  E - a blessed potion of speed
  i - an uncursed potion of water
 Rings    ('=')
  T - an uncursed +1 ring of gain strength (on left hand)
  V - a blessed +3 ring of increase accuracy
  o - an uncursed ring of invisibility
  b - an uncursed ring of teleport control
  D - an uncursed ring of teleport control
 Wands    ('/')
  K - an uncursed wand of create monster (0:14)
  w - an uncursed wand of digging (0:8)
  q - an uncursed wand of magic missile (0:7)
  U - an uncursed wand of magic missile (0:3)
  W - an uncursed wand of sleep (0:2)
  h - an uncursed wand of speed monster (0:6)
  a - an uncursed wand of striking (0:5)
 Tools    ('(')
  f - an empty uncursed sack
  e - an uncursed lock pick
  O - an uncursed +0 unicorn horn
 Gems/Stones  ('*')
  B - 2 uncursed amber stones
  F - an uncursed chrysoberyl stone
  J - an uncursed jet stone
  P - an uncursed opal
  M - an uncursed worthless piece of black glass
  R - 2 uncursed worthless pieces of blue glass
  z - an uncursed worthless piece of orange glass
  m - an uncursed worthless piece of red glass
  A - an uncursed worthless piece of violet glass
  j - a cursed worthless piece of white glass
  Q - an uncursed luckstone

CyberFan the Rogue's attributes:

Background:
 You were a Rogue, level 8 male orc.
 You were chaotic, on a mission for Kos
 who was opposed by Issek (lawful) and Mog (neutral).
 You were right-handed.
 You were in the Gnomish Mines, on level 8.
 You entered the dungeon 5716 turns ago.
 There was a new moon in effect when your adventure ended.
 You had 1948 experience points, 612 more were needed to attain level 9.

Basics:
 You had 0 out of 54 hit points.
 You had all 30 energy points (spell power).
 Your armor class was -4.
 Your wallet contained 87 zorkmids.
 Autopickup was on for '$%?!"=/*' plus thrown, with exceptions.

Final Characteristics:
 Your strength was 17 (base:16, limit:18/50).
 Your dexterity was 18 (limit:18).
 Your constitution was 14 (limit:18).
 Your intelligence was 12 (limit:16).
 Your wisdom was 11 (limit:16).
 Your charisma was 7 (limit:16).

Final Status:
 You weren't hungry.
 You were unencumbered.
 You were wielding a saber.
 You were unskilled in saber.

Final Attributes:
 You were stridently aligned.
 You were poison resistant.
 You had infravision.
 You were invisible.
 You were stealthy.
 You were guarded.
 Your spell casting was impaired by metallic armor, mitigated by your robe.
 You were lucky.
 You had extra luck.
 Bad luck did not time out for you.
 Good luck did not time out for you.
 You are dead.

Miscellaneous:
 You disabled loading and storing of bones levels.
 Total elapsed playing time was 39 minutes and 50 seconds.

Major events:
 Turn
    1: CyberFan the chaotic male orcish Rogue entered the dungeon
 1935: attained the rank of Cutpurse (level 3)
 2160: entered the Gnomish Mines
 3242: attained the rank of Rogue (level 6)
 3367: reached Mine Town
 5716: petrified by a chickatrice corpse

Spells:
 Name                 Level Category     Fail Retention
 create familiar        6   clerical     100%  76%-100%

Skills:
 Fighting Skills
   bare handed combat [Unskilled]
   two weapon combat  [Unskilled]
   riding             [Unskilled]
 Weapon Skills
   dagger             [Skilled]
   knife              [Unskilled]
   short sword        [Basic]
   broadsword         [Unskilled]
   long sword         [Unskilled]
   two-handed sword   [Unskilled]
   saber              [Unskilled]
   club               [Unskilled]
   mace               [Unskilled]
   morning star       [Unskilled]
   flail              [Unskilled]
   hammer             [Unskilled]
   polearms           [Unskilled]
   spear              [Unskilled]
   crossbow           [Unskilled]
   dart               [Unskilled]
   shuriken           [Unskilled]
 Spellcasting Skills
   divination spells  [Unskilled]
   escape spells      [Unskilled]
   matter spells      [Unskilled]

Voluntary challenges:
 Character rerolling was not enabled.
 You never genocided any monsters.
 You never polymorphed an object.
 You never changed form.
 You used no wishes.
Achievements:
 You entered a shop.
 You attained the rank of Cutpurse.
 You entered the Gnomish Mines.
 You attained the rank of Rogue.
 You entered Minetown.
 You entered a temple.

 The Dungeons of Doom: levels 1 to 8
    Level 1:
       Some fountains.
    Level 2:
       A general store, a fountain.
    Level 3:
    Level 4:
       A fountain.
       Stairs down to The Gnomish Mines.
    Level 5:
    Level 6:
       A general store.
    Level 7:
    Level 8:
 The Gnomish Mines: levels 5 to 8
    Level 5:
    Level 6:
    Level 7:
    Level 8: <- You were here.
       Many shops, a temple and an altar, some fountains.
       Final resting place for
          you, petrified by a chickatrice corpse.


Vanquished creatures:
  a watch captain
  a small mimic
  2 tengu
 an ettin zombie
  4 watchmen
  a quivering blob
 12 leprechauns
  a gnome ruler
 an owlbear
  a chickatrice
  a jaguar
  a gray unicorn
  a dust vortex
  2 ravens
  a gnome mummy
  a snake
 an ape
  2 soldier ants
  a wood nymph
  a mountain nymph
 an Uruk-hai
  a rock piercer
  2 fog clouds
  a yellow light
  a shrieker
  9 gnome leaders
  2 gnomish wizards
  a ghoul
  9 dwarves
  a kobold leader
  2 hill orcs
  3 rothes
 an orc zombie
  2 iguanas
  5 killer bees
 an acid blob
  5 coyotes
  2 hobbits
  2 large kobolds
  2 giant rats
  3 brown molds
  2 red molds
 27 gnomes
 10 garter snakes
  4 geckos
  a kobold
  a goblin
  5 sewer rats
  7 grid bugs
  7 bats
  3 lichens
  5 newts
165 creatures vanquished.

No species were genocided or became extinct.

Game over:
                       ----------
                      /          \
                     /    REST    \
                    /      IN      \
                   /     PEACE      \
                  /                  \
                  |     CyberFan     |
                  |      87 Au       |
                  |  petrified by a  |
                  |   chickatrice    |
                  |      corpse      |
                  |                  |
                  |       2026       |
                 *|     *  *  *      | *
        _________)/\\_//(\/(/\)/\//\/|_)_______

Goodbye CyberFan the Rogue...

You turned to stone in The Gnomish Mines on dungeon level 8 with 7821 points,
and 87 pieces of gold, after 5716 moves.
You were level 8 with a maximum of 54 hit points when you turned to stone.

